 Dungeon Crawl Stone Soup version 0.31.0 (webtiles) character file.

Game seed: 8859097174926009283

212 qw the Shooter (level 5, -1/32 HPs)
             Began as a Gargoyle Hunter on Jan 20, 2024.
             Slain by an orc
             ... wielding a +0 war axe
              (5 damage)
             ... on level 4 of the Dungeon.
             The game lasted 00:00:09 (2364 turns).

qw the Shooter (Gargoyle Hunter)                    Turns: 2364, Time: 00:00:09

Health: -1/32      AC: 10    Str: 14    XL:     5   Next: 90%
Magic:  5/5        EV: 11    Int: 10    God:
Gold:   252        SH:  0    Dex: 21    Spells: 4/4 levels left

rFire   + + .        a - +2 shortbow
rCold   + . .        (shield currently unavailable)
rNeg    + . .        l - +0 ring mail
rPois   inf          d - +0 helmet
rElec   +            k - scarf {rC+ rF+}
rCorr   .            (no gloves)
SInv    .            (no boots)
Will    .....        (no amulet)
Stlth   +            b - +6 ring of dexterity
HPRegen 0.25/turn    h - ring of protection from fire
MPRegen 0.09/turn

%: no passive effects
@: about to teleport
A: sickness immunity, AC +4, negative energy resistance 1, electricity
resistance, torment resistance 1, petrification resistance
a: no special abilities


You were on level 4 of the Dungeon.
You visited 1 branch of the dungeon, and saw 4 of its levels.

You collected 252 gold pieces.


Innate Abilities, Weirdness & Mutations

You are immune to sickness and miasma.
Your stone body is resilient. (AC +4)
You are immune to poison.
You resist negative energy. (rN+)
You are resistant to electric shocks. (rElec)
You are resistant to unholy torment.
You are immune to petrification.


   Skills:
 - Level 3.0 Fighting
 + Level 5.8 Ranged Weapons
 - Level 3.2 Armour
 - Level 1.5 Dodging
 - Level 1.1 Stealth


You had 4 spell levels left.
You didn't know any spells.
Your spell library was empty.

Inventory:

Hand Weapons
 a - a +2 shortbow (weapon)
Armour
 d - a +0 helmet (worn)
 k - a scarf of resistance (worn)
 l - a +0 ring mail (worn)
Jewellery
 b - a +6 ring of dexterity (left hand)
 h - a ring of protection from fire (right hand)
Wands
 f - a wand of light (11)
Scrolls
 g - 2 scrolls of teleportation
 j - 3 scrolls of identify
Potions
 c - a potion of heal wounds {unknown}
 e - a potion of haste
 i - a potion of enlightenment

Dungeon Overview and Level Annotations

Branches:
Dungeon (4/15)
 Temple: D:4-7

Altars:
Gozag

Shops:
D:1 (


Message History

The ribbon worm bites you. The orc hits you but does no damage.
You shoot an arrow. The arrow hits the ribbon worm.
The ribbon worm is lightly wounded.
The ribbon worm bites you but does no damage.
The orc hits you with a +0 war axe.
You shoot an arrow. The arrow hits the ribbon worm!
The ribbon worm is heavily wounded.
The orc hits you but does no damage.
The ribbon worm expels a string of sticky webbing.
The stream of webbing hits you but does no damage.
You are caught in a web!
You struggle to detach yourself from the web.
The orc hits you with a +0 war axe.
The ribbon worm bites you but does no damage.
You struggle to detach yourself from the web.
The orc hits you but does no damage. The ribbon worm bites you.
The web tears apart.
The orc closely misses you.
The ribbon worm expels a string of sticky webbing.
The stream of webbing hits you but does no damage.
You are caught in a web!
The web tears apart.
The orc hits you but does no damage.
You shoot an arrow. The arrow hits the ribbon worm.
The ribbon worm is heavily wounded.
The orc hits you with a +0 war axe. The ribbon worm misses you.
2362 ||| READING 3 scrolls of teleportation.
As you read the scroll of teleportation, it crumbles to dust.
You feel strangely unstable. The orc hits you with a +0 war axe.
The ribbon worm expels a string of sticky webbing.
The stream of webbing hits you but does no damage.
You are caught in a web!
The web tears apart.
The orc barely misses you. The ribbon worm barely misses you.
You shoot an arrow. The arrow hits the ribbon worm.
The ribbon worm is severely wounded.
The orc hits you with a +0 war axe. The ribbon worm barely misses you.
The orc hits you with a +0 war axe.
You die...

##...#....#
#......#..
###.######
###.######
#.# #.####
###
#....#####
##.......#
#.#<###.#
#.### #.#
#@# #...ow#
#..###r. #.
#..# ....
..... ....#
.....#


You could see a ribbon worm, an orc and a quokka.

Vanquished Creatures
  An ice beast (D:4)
  3 adders
  A dart slug (D:1)
  2 orcs (D:3)
  6 bats
  5 endoplasms
  4 giant cockroaches (D:1)
  6 hobgoblins
  9 jackals
  5 quokkas
  5 ball pythons
  7 frilled lizards
  9 goblins
  12 kobolds
  10 rats
85 creatures vanquished.

Notes
Turn   | Place    | Note
-------+----------+-------------------------------------------
     0 | D:1      | qw the Gargoyle Hunter began the quest for the Orb.
     0 | D:1      | Reached XP level 1. HP: 12/12 MP: 1/1
     0 | D:1      | 0 ||| qw: Version: 0.3-a-132-g3d54051
     0 | D:1      | 0 ||| qw: Game counter: 506
     0 | D:1      | 0 ||| qw: Melee chars always use a shield: true
     0 | D:1      | 0 ||| qw: God list: Okawaru
     0 | D:1      | 0 ||| qw: Allow faded altars: false
     0 | D:1      | 0 ||| qw: Do Orc after clearing Dungeon:15 true
     0 | D:1      | 0 ||| qw: Do second Lair branch before Depths: true
     0 | D:1      | 0 ||| qw: Lair rune preference: random
     0 | D:1      | 0 ||| qw: Goals: Normal
     0 | D:1      | 0 ||| PLANNING D:1-11
   141 | D:1      | Reached XP level 2. HP: 17/17 MP: 2/2
   340 | D:1      | Reached XP level 3. HP: 21/21 MP: 3/3
   363 | D:1      | Found Gudiw's Antique Weapon Emporium.
   483 | D:1      | Reached skill level 5 in Ranged Weapons
   774 | D:1      | 774 ||| UPGRADING to +0 helmet.
   779 | D:1      | 779 ||| READING scroll labelled WAISYA JAOXUP.
   780 | D:1      | 780 ||| READING 2 scrolls labelled QEONUS WANGETE.
   785 | D:1      | 785 ||| READING scroll labelled GUMIOL TULE.
   785 | D:1      | 785 ||| ENCHANTING +0 shortbow.
   786 | D:1      | 786 ||| DROPPING scroll of butterflies.
   938 | D:2      | Reached skill level 3 in Fighting
   997 | D:2      | Reached XP level 4. HP: 28/28 MP: 4/4
   999 | D:2      | 999 ||| READING scroll of enchant weapon.
   999 | D:2      | 999 ||| ENCHANTING +1 shortbow.
  1279 | D:2      | 1279 ||| UPGRADING to scarf of resistance.
  1284 | D:2      | 1284 ||| UPGRADING to +6 ring of dexterity.
  1285 | D:2      | 1285 ||| UPGRADING to ring of protection from fire.
  1286 | D:2      | 1286 ||| READING scroll labelled CAORIY GISKE OHISY.
  1287 | D:2      | 1287 ||| READING 2 scrolls labelled SISOTY GYPH.
  1287 | D:2      | 1287 ||| IDENTIFYING fizzy blue potion
  1288 | D:2      | 1288 ||| READING scroll of identify.
  1288 | D:2      | 1288 ||| IDENTIFYING inky potion
  1289 | D:2      | 1289 ||| DROPPING potion of lignification.
  1397 | D:3      | Found an opulent altar of Gozag.
  1686 | D:3      | Found a faded altar of an unknown god.
  2136 | D:3      | 2136 ||| UPGRADING to +0 ring mail.
  2146 | D:3      | 2146 ||| DROPPING +0 leather armour.
  2147 | D:3      | 2147 ||| DROPPING scarf of harm.
  2148 | D:3      | 2148 ||| DROPPING ring of wizardry.
  2149 | D:3      | 2149 ||| READING 3 scrolls of identify.
  2149 | D:3      | 2149 ||| IDENTIFYING fizzy cyan potion
  2177 | D:4      | 2177 ||| PLANNING OSSUARY
  2284 | D:4      | Reached XP level 5. HP: 32/32 MP: 5/5
  2342 | D:4      | Noticed an ice beast
  2343 | D:4      | 2343 ||| ZAPPING wand of light (12) at -4,2 (ice beast;
                  | floor).
  2351 | D:4      | Killed an ice beast
  2352 | D:4      | Reached skill level 3 in Armour
  2361 | D:4      | HP: 8/32 [orc/+0 war axe (2)]
  2362 | D:4      | 2362 ||| READING 3 scrolls of teleportation.
  2364 | D:4      | Slain by an orc

Levels and vault maps discovered:
D:1:      dpeg_arrival_prison, layout_loops_cross, serial_shops,
          nicolae_shop_tiny_glass, st_stairs_14, minmay_ruptured
D:2:      layout_rooms, kennysheep_generic_room_6
D:3:      layout_basic, overflow_temple_1_default,
          ebering_ecumenical_altar_ruins, chequers_serial_rivers_micro_d
D:4:      layout_basic, nicolae_wu_jian_immortal_techniques,
          minmay_temple_entry_sparse_star, nicolae_ossuary_entry_giza,
          minmay_manual_mandibuliform

Skill      XL: |  1  2  3  4  5 |
---------------+----------------+-----
Ranged Weapons | 5 |  5.8
Fighting       | 3 |  3.0
Armour         | 3 |  3.2
Dodging        | |  1.5
Stealth        | |  1.1

Action                     |  1- 3 |  4- 6 || total
---------------------------+-------+-------++-------
   Fire: Shortbow          |   145 |    86 ||   231
  Evoke: Wand              |       |     1 ||     1
    Use: Scroll            |     3 |     6 ||     9
 Armour: Leather armour    |    55 |     7 ||    62
         Ring mail         |       |    25 ||    25
  Dodge: Dodged            |    47 |    25 ||    72

Table legend:
 A = Non-vault XP
 B = Vault XP
 C = Vault XP percentage of total XP
 D = Non-vault monster count
 E = Vault monster count
 F = Vault count percentage of total count
                 A         B        C        D         E       F
            +---------+---------+-------+---------+---------+-------
      Total |     289 |      15 |   4.9 |      76 |       9 |  10.6
            +---------+---------+-------+---------+---------+-------
        D:1 |      41 |      11 |  21.2 |      26 |       6 |  18.8
        D:2 |      55 |       4 |   6.8 |      21 |       3 |  12.5
        D:3 |      49 |       0 |   0.0 |      21 |       0 |   0.0
        D:4 |     144 |       0 |   0.0 |       8 |       0 |   0.0
            +---------+---------+-------+---------+---------+-------
